 Dungeon Crawl Stone Soup version 0.18-a0-1702-gd20c6a5 (webtiles) character file.

2015160 InvalidUsername the Executioner (level 27, 240/240 HPs)
             Began as a Demonspawn Wanderer on Apr 7, 2016.
             Was the Champion of Okawaru.
             Escaped with the Orb
             ... and 3 runes!
             The game lasted 03:33:53 (52254 turns).

InvalidUsername the Executioner (DsWn)             Turns: 52254, Time: 03:33:54

Health: 240/240    AC: 48    Str: 23    XL:     27
Magic:  25/25      EV:  8    Int: 16    God:    Okawaru [******]
Gold:   6573       SH:  8    Dex: 11    Spells: 0 memorised, 29 levels left

rFire  + + .     SeeInvis +     S - +8 frozen axe "Frostbite" {freezing cloud, *Noise +Fly rC+}
rCold  + + +     Gourm    .     K - +12 storm dragon armour of Vanity {rElec rPois rF+ MR++ Slay+2}
rNeg   + . .     Faith    .     (shield currently unavailable)
rPois  +         Spirit   .     (helmet unavailable)
rElec  +         Dismiss  .     g - +1 cloak of the Harvest {rC+ MR+ Int-2 Slay+3}
rCorr  .         Reflect  +     q - +3 pair of gauntlets of War {Slay+5}
SustAt .         Harm     .     M - +2 pair of boots {run}
MR     +++++                    t - brooch of Shielding {Reflect SH+8}
Stlth  ..........               m - ring of protection from fire
                                B - ring "Byanilecs" {rN+ MR+}

@: quick, almost entirely resistant to hostile enchantments, extremely
unstealthy
A: antennae 3, icy blue scales 3, cold resistance 1, passive freeze, powered by
death 3, spiny 3, freezing cloud immunity
a: Heroism, Finesse, Renounce Religion, Evoke Flight
0: Orb of Zot
}: 3/15 runes: decaying, serpentine, silver


You escaped.
You worshipped Okawaru.
Okawaru was exalted by your worship.
You were full.

You visited 11 branches of the dungeon, and saw 55 of its levels.
You also visited: Labyrinth, Trove, Ossuary, Ice Cave and Volcano.

You collected 8261 gold pieces.
You spent 1684 gold pieces at shops.

Inventory:

Hand Weapons
 S - the +8 frozen axe "Frostbite" (weapon) {freezing cloud, *Noise +Fly rC+}
   (Okawaru gifted it to you on level 8 of the Lair of Beasts)

   It has been specially enchanted to freeze those struck by it, causing extra
   injury to most foes and up to half again as much damage against particularly
   susceptible opponents.
   It can also slow down cold-blooded creatures.
   It protects you from cold.
   It lets you fly.
   It may make noises in combat.
Missiles
 o - 12 silver javelins
 H - 22 steel javelins (quivered)
 L - 26 javelins of penetration
Armour
 g - the +1 cloak of the Harvest (worn) {rC+ MR+ Int-2 Slay+3}
   (Okawaru gifted it to you on level 5 of the Realm of Zot)

   It affects your intelligence (-2).
   It affects your accuracy and damage with ranged weapons and melee attacks
   (+3).
   It protects you from cold.
   It affects your resistance to hostile enchantments.
 q - the +3 pair of gauntlets of War (worn) {Slay+5}
   (You acquired it on level 4 of the Vaults)

   It affects your accuracy and damage with ranged weapons and melee attacks
   (+5).
 K - the +12 storm dragon armour of Vanity (worn) {rElec rPois rF+ MR++ Slay+2}
   (You found it on level 5 of the Vaults)

   It affects your accuracy and damage with ranged weapons and melee attacks
   (+2).
   It protects you from fire.
   It insulates you from electricity.
   It protects you from poison.
   It affects your resistance to hostile enchantments.
 M - a +2 pair of boots of running (worn)
Rods
 h - a +2 rod of ignition (10/10)
   (You found it in a labyrinth)
Jewellery
 m - a ring of protection from fire (right hand)
 t - the brooch of Shielding (around neck) {Reflect SH+8}
   (You took it off a deep elf death mage on level 3 of the Elven Halls)

   [amulet of reflection]

   It shields you and reflects attacks.
   It affects your SH (+8).
 B - the ring "Byanilecs" (left hand) {rN+ MR+}
   (You found it on level 5 of the Vaults)

   [ring of protection from magic]

   It protects you from negative energy.
   It affects your resistance to hostile enchantments.
 V - an uncursed amulet of regeneration
Wands
 f - a wand of digging (13/24)
 W - a wand of teleportation (5/9)
Scrolls
 a - 5 scrolls of enchant armour
 c - 28 scrolls of teleportation
 k - 29 scrolls of remove curse
 l - a scroll of brand weapon
 n - 16 scrolls of identify
 w - 2 scrolls of blinking
 E - 15 scrolls of enchant weapon
 G - 5 scrolls of magic mapping
 I - 9 scrolls of fear
 N - 15 scrolls of recharging
 X - 5 scrolls of summoning
 Y - 3 scrolls of silence
 Z - 2 scrolls of fog
Potions
 b - 7 potions of agility
 e - 16 potions of flight
 i - 2 potions of curing
 s - 3 potions of cancellation
 C - 4 potions of haste
 J - 2 potions of invisibility
 O - a potion of resistance
 P - 11 potions of heal wounds
 Q - 7 potions of cure mutation
 T - 6 potions of might
 U - 5 potions of brilliance
Miscellaneous
 D - 4 phantom mirrors
Comestibles
 d - 9 bread rations
 j - 16 beef jerkies
 p - 26 meat rations
 r - a royal jelly
 A - 16 slices of pizza
 F - 46 fruits


   Skills:
 + Level 24.5 Fighting
 - Level 26.0 Axes
   Level 1.7(18.1) Maces & Flails
 - Level 18.0 Throwing
 + Level 23.5 Armour
 - Level 1.0 Stealth
 - Level 1.5 Spellcasting
 - Level 3.2 Invocations
 - Level 1.0 Evocations


You had 29 spell levels left.
You didn't know any spells.

Dungeon Overview and Level Annotations

Branches:
Dungeon (15/15)            Temple (1/1) D:7            Lair (8/8) D:11
  Swamp (4/4) Lair:5        Snake (4/4) Lair:5        Slime (0/6) Lair:7
    Orc (2/2) D:11            Elf (3/3) Orc:2        Vaults (5/5) D:13
  Crypt (3/3) Vaults:3       Tomb (0/3) Crypt:3      Depths (5/5) D:15
    Zot (5/5) Depths:5

Altars:
Ashenzari
Cheibriados
Dithmenos
Elyvilon
Fedhas
Gozag
Kikubaaqudgha
Makhleb
Nemelex Xobeh
Okawaru
Pakellas
Qazlal
Ru
Sif Muna
Trog
Vehumet
Xom
Yredelemnul
Zin
The Shining One

Shops:
D:5 [%}[*   D:11 %   D:14 %   D:15 %   Orc:2 %![(   Elf:2 %   Elf:3 ?
Vaults:4 ?   Vaults:5 [   Depths:4 !

Portals:
Hell: Depths:1 Depths:2 Depths:3 Depths:4 Depths:5
Abyss: Depths:1 Depths:2 Depths:3 Depths:4
Pandemonium: Depths:3
Ziggurat: Depths:4

Annotations:
Elf:2 3 runed doors


Innate Abilities, Weirdness & Mutations

You have a pair of large antennae on your head (SInv).
You are completely covered in icy blue scales (AC +4, EV -1, rC+).
Your flesh is cold resistant.
A frigid envelope surrounds you and freezes all who hurt you.
You regenerate a lot of health from kills.
You are completely covered in sharp spines.
You are immune to freezing clouds.


Message History

The neqoxec is lightly wounded.
You carve the neqoxec like a ham!!! You freeze the neqoxec!
You kill the neqoxec!
Okawaru accepts your kill.
(D) Dungeon (T) Temple (L) Lair (S) Swamp (P) Snake Pit (M) Slime Pits (O) Orcish Mines (E) Elven Halls (V) Vaults (C) Crypt (W) Tomb (U) Depths (H) Hell (Z) Zot
Where to? (Enter - D:1 @ (x,y), ? - help)
You hear a grinding noise.
You hear a grinding noise.
You hear a grinding noise.
You see here a hand axe.
You feel less regenerative.
You see here a dagger.
HP restored.
There is a staircase leading out of the dungeon here.
Drink which item? (? for menu, Esc to quit)
Okay, then.
You have escaped!

#..#
##.##
#..#
###.###
#.....#
#.....#
#.....#
#.....#
#..@..#
#######


There were no monsters in sight!

Vanquished Creatures
  3 ancient liches
  5 orbs of fire (Zot:5)
  2 juggernauts
  Mara (Snake:4)
  An iron giant (Depths:2)
  Saint Roka (Crypt:3)
  4 caustic shrikes (Depths:4)
  Norris (Depths:1)
  Vashnia (Snake:4)
  3 curse toes (Zot:3)
  5 Killer Klowns (Zot:5)
  12 golden dragons
  Nikola (Snake:2)
  3 bone dragons
  Jory (Crypt:3)
  2 Tzitzimimeh
  A profane servitor (Crypt:3)
  Jorgrun (Snake:3)
  2 electric golems (Zot:5)
  An Ice Fiend (IceCv)
  Rupert (D:15)
  4 tentacled monstrosities
  3 liches
  Asterion (Depths:2)
  28 Orb Guardians
  4 titans (Vaults:5)
  A deep elf master archer (Elf:3)
  3 deep elf blademasters (Elf:3)
  5 death cobs
  6 sphinxes
  3 ancient champions
  3 shadow dragons
  9 storm dragons
  A thorn hunter (Swamp:3)
  6 tengu reavers
  Wiglaf (Vaults:5)
  Kirke (D:13)
  8 draconian monks
  3 revenants
  19 fire giants
  An iron dragon (Vaults:5)
  Donald (Swamp:4)
  7 greater nagas (Snake:4)
  13 frost giants
  19 vault wardens
  An orc warlord (Orc:1)
  A draconian knight (Zot:3)
  A draconian scorcher (Zot:5)
  2 draconian shifters
  2 draconian zealots
  Aizul (Snake:3)
  Louise (Snake:4)
  A cacodemon (Depths:3)
  10 deep elf sorcerers
  A spriggan defender (Depths:3)
  The ghost of Flockbjaern the Severer, a journeyman DsWn of Okawaru (Orc:2)
  5 ghouls
  6 deep elf elementalists
  A curse skull (Crypt:1)
  23 very ugly things
  A war gargoyle (Vaults:5)
  4 draconian annihilators (Depths:5)
  13 ironheart preservers
  38 stone giants
  5 salamander stormcallers
  16 vampire knights
  8 deep elf demonologists
  7 green draconians
  11 white draconians
  5 black draconians
  20 spark wasps
  4 yellow draconians
  2 mottled draconians
  11 deep elf annihilators (Elf:3)
  6 red draconians
  5 eidola
  Azrael (D:14)
  5 purple draconians (Depths:5)
  14 ettins
  27 vault guards
  37 jiangshi
  Erolcha (D:13)
  10 deep elf death magi
  A minotaur (Lab)
  9 deep elf high priests
  20 fire dragons
  Fannar (Orc:1)
  12 great orbs of eyes
  19 yaktaur captains
  11 entropy weavers
  14 naga warriors
  A hell beast (Depths:5)
  4 ice dragons
  12 hydras
  15 ogre magi
  3 rakshasas
  5 spriggan air magi
  2 ghost crabs
  3 anacondas
  21 centaur warriors
  A queen ant (Lair:7)
  An anaconda (shapeshifter) (Elf:1)
  A catoblepas (D:13)
  The ghost of PeterLawrence the Basher, a journeyman GrFi of Okawaru (Volcano)
  8 deep troll earth magi
  7 death knights
  15 dancing weapons
  9 alligators
  5 death yaks
  9 deep troll shamans
  13 vampire magi
  7 tengu warriors
  3 orc high priests (Orc:2)
  The ghost of achirane the Fighter, a novice DDNe of Qazlal (D:10)
  11 spriggan berserkers
  2 soul eaters (Crypt:2)
  22 naga sharpshooters
  Urug (D:12)
  21 hell knights
  A spectral dire elephant (Crypt:3)
  A sun demon (Depths:5)
  4 iron trolls
  A storm dragon zombie (Crypt:1)
  Nergalle (Lair:1)
  9 shock serpents
  19 deep elf knights
  A fire crab (Vaults:4)
  A hellephant skeleton (Crypt:2)
  35 skeletal warriors
  6 shadow wraiths
  3 salamander mystics
  A titan skeleton (Crypt:3)
  3 unseen horrors
  3 wizards
  2 giant orange brains
  12 deep trolls
  3 death drakes (Depths:5)
  2 spriggan druids
  A spark wasp zombie (Depths:4)
  An unseen horror (shapeshifter) (Elf:2)
  8 flayed ghosts
  A swamp dragon (Swamp:3)
  2 storm dragon skeletons
  A putrid demonspawn (Depths:3)
  A shambling mangrove (Swamp:3)
  10 hill giants
  12 ironbrand convokers
  2 spectral hydras (Swamp:4)
  5 naga ritualists
  2 anaconda skeletons (Crypt:1)
  5 harpies (Vaults:2)
  11 phantasmal warriors
  2 golden dragon skeletons
  3 lindwurms (Depths:5)
  The ghost of incide the Cleaver, a novice HOCK of Xom (D:6)
  A lindwurm (shapeshifter) (Depths:3)
  A mana viper (shapeshifter) (Vaults:5)
  27 necromancers
  20 deep elf archers
  14 orc knights
  3 mana vipers
  69 deep elf magi
  A wolf spider zombie (D:14)
  A tengu skeleton (Depths:4)
  A fire giant zombie (Crypt:1)
  5 cyclopes
  11 oklob plants (Zot:3)
  8 orc sorcerers
  6 wolf spiders
  A cyclops (shapeshifter) (Depths:2)
  A frost giant zombie (Crypt:1)
  23 salamanders
  2 iron dragon zombies (Crypt:1)
  45 ugly things
  5 griffons
  A sixfirhy (Depths:3)
  2 hornets
  3 fire giant skeletons
  5 moths of wrath
  3 manticores
  30 elephants
  2 frost giant skeletons
  A salamander (shapeshifter) (Vaults:2)
  37 black mambas
  2 ice statues (IceCv)
  26 naga magi
  4 rust devils
  12 vault sentinels
  2 molten gargoyles (Volcano)
  A guardian serpent (shapeshifter) (Vaults:1)
  A spiny frog (shapeshifter) (Depths:4)
  A titan simulacrum (Crypt:1)
  A smoke demon (D:9)
  2 orange demons
  5 guardian serpents
  22 spiny frogs
  A dire elephant skeleton (Crypt:2)
  2 kobold demonologists
  5 rime drakes
  56 yaktaurs
  12 ice devils
  8 komodo dragons
  9 freezing wraiths
  2 anaconda simulacra (IceCv)
  A yaktaur skeleton (Vaults:5)
  7 trolls
  A minotaur zombie (Lab)
  3 tengu conjurers
  4 swamp worm zombies (Swamp:4)
  2 merfolk (shapeshifter)
  A red devil (Zot:5)
  6 wind drakes (Depths:5)
  5 hydra zombies
  A spectral harpy (Crypt:3)
  A tengu simulacrum (Depths:4)
  A wind drake (shapeshifter) (Depths:2)
  3 jumping spiders
  5 giant leeches
  A two-headed ogre (shapeshifter) (Depths:2)
  2 boulder beetles
  35 slime creatures
  A hydra skeleton (Crypt:1)
  21 two-headed ogres
  3 spectral swamp dragons (Swamp:4)
  A hornet zombie (D:14)
  A wolf spider simulacrum (Crypt:1)
  A stone giant simulacrum (Crypt:1)
  A sphinx simulacrum (Depths:4)
  15 bog bodies
  3 alligator zombies (Swamp:4)
  A spectral black mamba (Crypt:3)
  A frost giant simulacrum (Crypt:1)
  5 shadows
  31 blink frogs
  56 flying skulls
  4 air elementals
  A tarantella (shapeshifter) (Vaults:5)
  2 dire elephant simulacra (IceCv)
  22 redbacks
  5 spriggans
  3 tarantellas
  4 water elementals
  13 wraiths
  An ettin skeleton (Vaults:5)
  3 vampires (Vaults:3)
  A spriggan (shapeshifter) (Vaults:3)
  A wind drake zombie (Crypt:2)
  2 yaks (shapeshifter)
  14 wyverns
  A ynoxinul (Depths:5)
  2 humans
  56 yaks
  2 hungry ghosts
  3 large abominations
  5 basilisks
  8 fire elementals
  A neqoxec (D:1)
  6 steam dragons
  11 hippogriffs
  17 vampire mosquitoes
  5 mottled dragons
  11 swamp worms
  11 insubstantial wisps
  2 harpy simulacra (IceCv)
  47 nagas
  A yaktaur simulacrum (Vaults:2)
  A torturous demonspawn zombie (Crypt:2)
  14 wargs
  A soldier ant (shapeshifter) (Depths:1)
  3 soldier ants
  An iron troll simulacrum (IceCv)
  A faun zombie (Crypt:2)
  A hell hound (shapeshifter) (Vaults:2)
  10 hell hounds
  30 water moccasins
  10 porcupines
  2 hydra simulacra (IceCv)
  A water moccasin (shapeshifter) (Depths:2)
  A putrid demonspawn skeleton (Crypt:1)
  A merfolk skeleton (Crypt:1)
  40 orc warriors
  A black bear (D:11)
  5 ice beasts
  10 phantoms
  5 swamp drakes
  12 wasps
  3 swamp dragon zombies (Swamp:4)
  6 sky beasts
  An ettin simulacrum (IceCv)
  5 necrophages
  2 boggarts (Depths:2)
  A swamp dragon skeleton (Crypt:2)
  2 eyes of draining
  14 wolves
  62 ogres
  14 crocodiles
  22 centaurs
  An elephant skeleton (Crypt:1)
  A manticore skeleton (Crypt:1)
  A torpor snail zombie (Crypt:2)
  A big kobold (D:14)
  2 elf zombies
  21 giant frogs
  3 earth elementals
  3 wyvern skeletons
  A cyclops skeleton (Crypt:1)
  2 scorpions
  A boulder beetle zombie (Crypt:2)
  11 wights
  3 small abominations
  A killer bee (D:8)
  7 howler monkeys
  4 electric eels
  A giant frog zombie (D:11)
  4 crimson imps
  A lava snake (Volcano)
  A centaur zombie (D:12)
  3 quasits
  A wasp zombie (D:9)
  3 giant frog skeletons
  A black bear zombie (Crypt:1)
  A human simulacrum (Vaults:5)
  4 jellies
  23 orc priests
  Crazy Yiuf (D:2)
  8 hounds
  10 centaur skeletons
  2 spectral swamp drakes (Swamp:4)
  Ijyb (D:2)
  13 iguanas
  34 worker ants
  40 orc wizards
  17 sheep
  A big kobold zombie (Ossuary)
  A naga skeleton (Crypt:1)
  A hound skeleton (D:6)
  2 mummies (Ossuary)
  A worker ant zombie (D:9)
  Robin (D:3)
  2 howler monkey zombies
  6 gnolls
  A howler monkey skeleton (D:9)
  16 adders
  82 river rats
  A swamp drake skeleton (Crypt:1)
  A swamp drake zombie (Swamp:4)
  9 shadow imps
  2 white imps
  An ufetubus (Depths:3)
  3 oozes
  3 adder zombies
  2 adder skeletons
  2 worms (D:3)
  A dart slug (D:3)
  4 giant geckos
  100 orcs
  3 ball pythons
  6 giant cockroaches
  22 goblins
  8 hobgoblins
  11 jackals
  7 kobolds
  A quokka (D:7)
  7 bats
  A giant cockroach zombie (D:5)
  A giant gecko skeleton (Crypt:2)
  A giant newt (D:2)
  A goblin zombie (Ossuary)
  13 hobgoblin zombies (Ossuary)
  3 jackal zombies (Ossuary)
  10 kobold zombies (Ossuary)
  5 orc zombies
  A quokka skeleton (D:4)
  10 rats
  12 bushes (Zot:3)
  5 crawling corpses (Vaults:5)
  21 fungi
  25 plants
  A spectral weapon (Depths:2)
2897 creatures vanquished.

Vanquished Creatures (others)
  A deep elf high priest (Elf:3)
  An ice dragon (Depths:2)
  2 yaktaurs
  5 humans (D:13)
  A swamp worm (Swamp:4)
  2 wasps (Swamp:2)
  2 centaurs
  A giant frog (D:13)
  An orc priest (D:13)
  An orc wizard (Orc:2)
  A crawling corpse (Vaults:5)
  14 fungi
  6 lost souls
  10 plants
48 creatures vanquished.

Grand Total: 2945 creatures vanquished

Notes
Turn   | Place    | Note
--------------------------------------------------------------
     0 | D:1      | InvalidUsername the Demonspawn Wanderer began the quest for the Orb.
     0 | D:1      | InvalidUsername set off with: a +2 scale mail, a +0 hand axe, a scroll of teleportation, a bread ration
     0 | D:1      | Reached XP level 1. HP: 15/15 MP: 1/1
   127 | D:1      | Reached skill level 1 in Spellcasting
   205 | D:1      | Gained mutation: You have a pair of small antennae on your head. [demonic ancestry]
   205 | D:1      | Reached XP level 2. HP: 21/21 MP: 2/4
   682 | D:2      | Gained mutation: You regenerate a little health from kills. [demonic ancestry]
   682 | D:2      | Reached XP level 3. HP: 27/27 MP: 5/5
   768 | D:2      | Noticed Ijyb
   800 | D:2      | Killed Ijyb
   842 | D:2      | Reached XP level 4. HP: 35/35 MP: 6/6
  1257 | D:2      | Found a deep blue altar of Sif Muna.
  1311 | D:2      | Noticed Crazy Yiuf
  1333 | D:2      | Killed Crazy Yiuf
  1498 | D:3      | Gained mutation: You are partially covered in sharp spines. [demonic ancestry]
  1498 | D:3      | Reached XP level 5. HP: 32/43 MP: 7/7
  1518 | D:3      | Reached skill level 3 in Axes
  1537 | D:3      | Noticed a phantom
  1560 | D:3      | Killed a phantom
  1560 | D:3      | Reached skill level 4 in Axes
  1560 | D:3      | Reached XP level 6. HP: 31/49 MP: 8/8
  1738 | D:3      | Noticed Robin
  1752 | D:3      | Killed Robin
  1764 | D:3      | Reached skill level 5 in Axes
  1973 | D:3      | Found a glowing golden altar of the Shining One.
  2242 | D:4      | Found a shadowy altar of Dithmenos.
  2243 | D:4      | Found a blossoming altar of Fedhas.
  2245 | D:4      | Found a stormy altar of Qazlal.
  2326 | D:4      | Reached XP level 7. HP: 55/55 MP: 9/9
  2422 | D:4      | Reached skill level 6 in Axes
  2673 | D:4      | Noticed a troll
  2678 | D:4      | Killed a troll
  2678 | D:4      | Reached skill level 7 in Axes
  2741 | D:4      | Gained mutation: You regenerate health from kills. [demonic ancestry]
  2741 | D:4      | Reached XP level 8. HP: 25/61 MP: 10/10
  2902 | D:5      | Entered Level 5 of the Dungeon
  3053 | D:5      | Reached skill level 8 in Axes
  3064 | D:5      | Found Feaxeigh's Armour Shoppe.
  3067 | D:5      | Bought a +2 cloak of magic resistance for 236 gold pieces
  3187 | D:5      | Found Rots's Food Boutique.
  3192 | D:5      | Found Zituotuc's Armour Shop.
  3257 | D:5      | Reached skill level 9 in Axes
  3372 | D:5      | Found Bopsiq Weep's Assorted Antiques.
  3385 | D:5      | Gained mutation: You possess an exceptional clarity of mind. [potion of mutation]
  3385 | D:5      | Gained mutation: Your muscles are strong. (Str +2) [potion of mutation]
  3385 | D:5      | Gained mutation: You passively map a small area around you. [potion of mutation]
  3386 | D:5      | Lost mutation: Your muscles are strong. (Str +2) [potion of cure mutation]
  3386 | D:5      | Lost mutation: You possess an exceptional clarity of mind. [potion of cure mutation]
  3386 | D:5      | Lost mutation: You passively map a small area around you. [potion of cure mutation]
  3521 | D:5      | Found Cugirrea's Gadget Emporium.
  3883 | D:6      | Got an encrusted hand axe
  3884 | D:6      | Identified the cursed +0 hand axe of Avucenir {chop, rF+ MR- Str+3 Dex+3} (You found it on level 6 of the Dungeon)
  3919 | D:6      | Reached skill level 10 in Axes
  3961 | D:6      | Gained mutation: You are mostly covered in sharp spines. [demonic ancestry]
  3961 | D:6      | Reached XP level 9. HP: 63/66 MP: 11/11
  4102 | D:6      | Noticed incide's ghost (novice HOCK)
  4623 | D:6      | Killed incide's ghost
  4956 | D:7      | Found a staircase to the Ecumenical Temple.
  4986 | D:7      | Reached skill level 11 in Axes
  5053 | D:7      | Gained mutation: Your body sometimes deteriorates upon taking damage. [potion of mutation]
  5053 | D:7      | Gained mutation: You are occasionally teleported next to monsters. [potion of mutation]
  5053 | D:7      | Gained mutation: You are robust (+10% HP). [potion of mutation]
  5084 | D:7      | Found a sand-covered staircase.
  5090 | Ossuary  | Entered an ossuary
  5411 | D:7      | Found a shattered altar of Ashenzari.
  5411 | D:7      | Found a sacrificial altar of Ru.
  5411 | D:7      | Found a shimmering altar of Xom.
  5520 | D:8      | Noticed a manticore
  5942 | D:8      | Reached skill level 12 in Axes
  6157 | D:8      | Noticed a four-headed hydra
  6251 | Temple   | Entered the Ecumenical Temple
  6281 | Temple   | Became a worshipper of Warmaster Okawaru
  6899 | D:8      | Noticed a hill giant
  6912 | D:8      | Killed a hill giant
  6912 | D:8      | Gained mutation: You have a pair of antennae on your head. [demonic ancestry]
  6912 | D:8      | Reached XP level 10. HP: 36/80 MP: 12/12
  7065 | D:8      | Reached * piety under Okawaru
  7169 | D:8      | Killed a manticore
  7169 | D:8      | Reached skill level 13 in Axes
  7204 | D:8      | Killed a one-headed hydra
  7204 | D:8      | Reached ** piety under Okawaru
  7677 | D:9      | Gained mutation: You occasionally shout uncontrollably at your foes. [potion of mutation]
  7677 | D:9      | Gained mutation: You possess an exceptional clarity of mind. [potion of mutation]
  7677 | D:9      | Gained mutation: You have large cloven feet. [potion of mutation]
  7720 | D:9      | Reached *** piety under Okawaru
  7720 | D:9      | Reached skill level 14 in Axes
  8040 | D:9      | Lost mutation: Your body sometimes deteriorates upon taking damage. [potion of cure mutation]
  8040 | D:9      | Lost mutation: You occasionally shout uncontrollably at your foes. [potion of cure mutation]
  8040 | D:9      | Lost mutation: You possess an exceptional clarity of mind. [potion of cure mutation]
  8040 | D:9      | Lost mutation: You have large cloven feet. [potion of cure mutation]
  8040 | D:9      | Lost mutation: You are robust (+10% HP). [potion of cure mutation]
  8097 | D:9      | Lost mutation: You are occasionally teleported next to monsters. [potion of cure mutation]
  8516 | D:10     | Entered Level 10 of the Dungeon
  8546 | D:10     | Reached **** piety under Okawaru
  8546 | D:10     | Reached skill level 5 in Fighting
  8546 | D:10     | Gained mutation: You are completely covered in sharp spines. [demonic ancestry]
  8546 | D:10     | Reached XP level 11. HP: 79/79 MP: 13/13
  8686 | D:10     | Noticed achirane's ghost (novice DDNe)
  8707 | D:10     | Killed achirane's ghost
  9063 | D:11     | Noticed a hill giant
  9101 | D:11     | Identified a scroll of acquirement
  9102 | D:11     | Got a transparent hat
  9108 | D:11     | Identified the +1 hat of the Barnacle {+Blink MR+ Str+4} (You acquired it on level 11 of the Dungeon)
  9128 | D:11     | Killed a hill giant
  9128 | D:11     | Reached ***** piety under Okawaru
  9143 | D:11     | Found Ugasucre's Food Shoppe.
  9153 | D:11     | Found a staircase to the Orcish Mines.
  9238 | D:11     | Found a staircase to the Lair.
  9279 | D:11     | Noticed a hill giant
  9291 | D:11     | Killed a hill giant
  9395 | D:11     | Reached skill level 15 in Axes
  9411 | D:11     | Noticed a hill giant
  9419 | D:11     | Killed a hill giant
  9712 | D:11     | Reached ****** piety under Okawaru
 10078 | Lair:1   | Entered Level 1 of the Lair of Beasts
 10179 | Lair:1   | Reached skill level 5 in Armour
 10281 | Lair:1   | Received a gift from Okawaru
 10349 | Lair:1   | Gained mutation: You are partially covered in icy blue scales (AC +1). [demonic ancestry]
 10349 | Lair:1   | Reached XP level 12. HP: 91/91 MP: 14/14
 10657 | Lair:1   | Noticed Nergalle
 10740 | Lair:1   | Killed Nergalle
 10848 | Lair:1   | Reached skill level 16 in Axes
 11135 | Lair:1   | Received a gift from Okawaru
 11241 | Lair:2   | Noticed a five-headed hydra
 11250 | Lair:2   | Killed a one-headed hydra
 11674 | Lair:2   | Received a gift from Okawaru
 12245 | Lair:3   | Gained mutation: You are mostly covered in icy blue scales (AC +3, EV -1). [demonic ancestry]
 12245 | Lair:3   | Reached XP level 13. HP: 80/101 MP: 15/15
 13555 | Lair:5   | Found a staircase to the Snake Pit.
 13591 | Lair:5   | Received a gift from Okawaru
 13606 | Lair:5   | Found a labyrinth entrance.
 13615 | Lab      | Entered a labyrinth
 13733 | Lab      | Found an exit through the horrors of the Abyss.
 13839 | Lab      | Noticed a minotaur
 13848 | Lab      | Killed a minotaur
 13878 | Lab      | Got a vibrating turquoise ring
 13881 | Lab      | Identified the ring of Pragmatism {rElec Stlth+} (You found it in a labyrinth)
 13885 | Lab      | Identified a +2 rod of ignition (10/10) (You found it in a labyrinth)
 13890 | Lab      | Got a spiked buckler
 13935 | Lair:5   | Reached skill level 17 in Axes
 14041 | Lair:5   | Found a staircase to the Swamp.
 14238 | Lair:5   | Reached skill level 10 in Fighting
 14581 | Lair:6   | Found a dark tunnel.
 14590 | Volcano  | Entered a volcano
 14590 | Volcano  | Noticed PeterLawrence's ghost (journeyman GrFi)
 14599 | Volcano  | Killed PeterLawrence's ghost
 14971 | Volcano  | Found a radiant altar of Vehumet.
 15352 | Lair:6   | Received a gift from Okawaru
 15448 | Lair:6   | Reached XP level 14. HP: 111/111 MP: 16/16
 16035 | Lair:7   | Received a gift from Okawaru
 16351 | Lair:7   | Reached skill level 18 in Axes
 16687 | Lair:7   | Found a staircase to the Slime Pits.
 16696 | Lair:7   | Received a gift from Okawaru
 16699 | Lair:7   | Got a pair of crude gloves {god gift}
 16710 | Lair:7   | Identified the +1 pair of gloves "Xybi Ewk" {rC- rN+ Str+4 Int+6} (Okawaru gifted it to you on level 7 of the Lair of Beasts)
 16790 | Lair:8   | Entered Level 8 of the Lair of Beasts
 16916 | Lair:8   | Reached skill level 10 in Armour
 16935 | Lair:8   | Reached skill level 1 in Invocations
 17357 | Lair:8   | Received a gift from Okawaru
 17374 | Lair:8   | Gained mutation: You have a pair of large antennae on your head (SInv). [demonic ancestry]
 17374 | Lair:8   | Reached XP level 15. HP: 119/120 MP: 17/17
 18193 | Orc:1    | Entered Level 1 of the Orcish Mines
 18193 | Orc:1    | Noticed Fannar
 18210 | Orc:1    | Killed Fannar
 18210 | Orc:1    | Received a gift from Okawaru
 18233 | Orc:1    | Noticed an orc warlord
 18245 | Orc:1    | Killed an orc warlord
 18320 | Orc:1    | Reached skill level 19 in Axes
 18589 | Orc:2    | Entered Level 2 of the Orcish Mines
 18647 | Orc:2    | Noticed Flockbjaern's ghost (journeyman DsWn)
 19026 | Orc:2    | Killed Flockbjaern's ghost
 19245 | Orc:2    | Found a staircase to the Elven Halls.
 19379 | Orc:2    | Found Minoutis's Weapon Emporium.
 19439 | Orc:2    | Found Suinid's Food Shop.
 19443 | Orc:2    | Found Cubiupt's Distillery.
 19443 | Orc:2    | Found Kion's Antique Armour Emporium.
 19992 | D:12     | Received a gift from Okawaru
 20019 | D:12     | Noticed Urug
 20028 | D:12     | Killed Urug
 20172 | D:12     | Identified a +0 rod of shadows (12/12) (You found it on level 12 of the Dungeon)
 20449 | D:13     | Reached skill level 20 in Axes
 20477 | D:13     | Found a gate to the Vaults.
 20494 | D:13     | Noticed Kirke
 20500 | D:13     | Killed Kirke
 20632 | D:13     | Noticed Erolcha
 20641 | D:13     | Killed Erolcha
 21204 | D:14     | Found a shadowy altar of Dithmenos.
 21204 | D:14     | Noticed Azrael
 21214 | D:14     | Killed Azrael
 21277 | D:14     | Found a shadowy altar of Dithmenos.
 21368 | D:14     | Reached XP level 16. HP: 112/127 MP: 18/18
 21745 | D:14     | Received a gift from Okawaru
 21873 | D:14     | Found a snail-covered altar of Cheibriados.
 21892 | D:14     | Got an ichor-stained cloak
 21903 | D:14     | Identified the +0 cloak of Defence {Dex+3} (You acquired it on level 14 of the Dungeon)
 21978 | D:14     | Found Qiohi's Food Emporium.
 22372 | D:15     | Entered Level 15 of the Dungeon
 22628 | D:15     | Found a staircase to the Depths.
 22744 | D:15     | Found Idwynet's Food Shop.
 22973 | D:15     | Reached skill level 21 in Axes
 23052 | D:15     | Noticed Rupert
 23059 | D:15     | Killed Rupert
 23327 | Swamp:1  | Entered Level 1 of the Swamp
 23360 | Swamp:1  | Found a frozen archway.
 23369 | Swamp:1  | Received a gift from Okawaru
 23411 | IceCv    | Entered an ice cave
 23562 | IceCv    | Noticed an Ice Fiend
 23580 | IceCv    | Killed an Ice Fiend
 23595 | IceCv    | Got a slimy war axe
 23596 | IceCv    | Identified the +8 war axe "Biqaenky" {chop, rF+ Str+3 SInv} (You found it in an ice cave)
 23895 | Swamp:2  | Received a gift from Okawaru
 24140 | Swamp:3  | Noticed a thorn hunter
 24154 | Swamp:3  | Killed a thorn hunter
 24157 | Swamp:3  | Reached skill level 22 in Axes
 24357 | Swamp:4  | Entered Level 4 of the Swamp
 24380 | Swamp:4  | Noticed Donald
 24392 | Swamp:4  | Killed Donald
 24440 | Swamp:4  | Gained mutation: Your flesh is cold resistant. [demonic ancestry]
 24440 | Swamp:4  | Reached XP level 17. HP: 129/133 MP: 19/19
 24532 | Swamp:4  | Noticed a bone dragon
 24555 | Swamp:4  | Killed a bone dragon
 24579 | Swamp:4  | Got a decaying rune of Zot
 24921 | Vaults:1 | Entered Level 1 of the Vaults
 24972 | Vaults:1 | Received a gift from Okawaru
 25114 | Vaults:1 | Received a gift from Okawaru
 25205 | Vaults:1 | Reached skill level 1 in Throwing
 25443 | Vaults:1 | Reached skill level 23 in Axes
 25451 | Vaults:1 | Received a gift from Okawaru
 25457 | Vaults:1 | Noticed a lich
 25464 | Vaults:1 | Killed a lich
 26646 | Vaults:2 | Reached XP level 18. HP: 133/139 MP: 20/20
 26786 | Vaults:2 | Received a gift from Okawaru
 27439 | Vaults:2 | Received a gift from Okawaru
 27842 | Vaults:3 | Reached skill level 24 in Axes
 28039 | Vaults:3 | Found a staircase to the Crypt.
 28277 | Vaults:3 | Received a gift from Okawaru
 28455 | Vaults:3 | Received a gift from Okawaru
 28697 | Vaults:3 | Identified a +1 pair of boots of running (Okawaru gifted it to you on level 3 of the Vaults)
 28817 | Vaults:4 | Reached XP level 19. HP: 112/146 MP: 21/21
 28890 | Vaults:4 | Found Vorch's Magic Scroll Shoppe.
 28901 | Vaults:4 | Bought a scroll of acquirement for 832 gold pieces
 29289 | Vaults:4 | Got a pair of scorched boots
 29300 | Vaults:4 | Identified the +3 pair of boots of the Tarantula {rCorr MP+9 Str+2} (You acquired it on level 4 of the Vaults)
 29317 | Vaults:4 | Drew Focus: Str increased to 20, Dex decreased to 11
 29319 | Vaults:4 | Drew Focus: Str increased to 21, Dex decreased to 10
 29471 | Vaults:4 | Received a gift from Okawaru
 29495 | Vaults:4 | Received a gift from Okawaru
 29540 | Vaults:4 | Reached skill level 25 in Axes
 30400 | Crypt:1  | Entered Level 1 of the Crypt
 30568 | Crypt:1  | Received a gift from Okawaru
 31034 | Crypt:1  | Reached XP level 20. HP: 144/155 MP: 19/22
 31070 | Crypt:1  | Noticed a bone dragon
 31089 | Crypt:1  | Killed a bone dragon
 31269 | Crypt:1  | Received a gift from Okawaru
 32389 | Crypt:3  | Entered Level 3 of the Crypt
 32702 | Crypt:3  | Found a basalt altar of Yredelemnul.
 32739 | Crypt:3  | Received a gift from Okawaru
 32813 | Crypt:3  | Reached skill level 26 in Axes
 33040 | Crypt:3  | Noticed a profane servitor
 33059 | Crypt:3  | Killed a profane servitor
 33068 | Crypt:3  | Noticed Saint Roka
 33070 | Crypt:3  | Received a gift from Okawaru
 33086 | Crypt:3  | Killed Saint Roka
 33086 | Crypt:3  | Reached skill level 5 in Throwing
 33107 | Crypt:3  | Reached XP level 21. HP: 164/164 MP: 23/23
 33179 | Crypt:3  | Reached skill level 15 in Armour
 33202 | Crypt:3  | Got a slimy silver ring
 33203 | Crypt:3  | Identified the ring "Joxuih" {*Tele rC+ Dex+2} (You found it on level 3 of the Crypt)
 33206 | Crypt:3  | Got a twisted plate armour
 33217 | Crypt:3  | Identified the +5 plate armour of Compression {rN+ Str-2 Int+5} (You found it on level 3 of the Crypt)
 33379 | Crypt:3  | Found a staircase to the Tomb.
 33379 | Crypt:3  | Noticed Jory
 33395 | Crypt:3  | Killed Jory
 34014 | Snake:1  | Entered Level 1 of the Snake Pit
 34085 | Snake:1  | Received a gift from Okawaru
 34357 | Snake:1  | Received a gift from Okawaru
 34388 | Snake:1  | Got a faintly glowing lajatang {god gift}
 34389 | Snake:1  | Identified the +9 lajatang of Gehenna {slice, Dex+2} (Okawaru gifted it to you on level 1 of the Snake Pit)
 34902 | Snake:2  | Noticed Nikola
 34918 | Snake:2  | Killed Nikola
 35408 | Snake:3  | Noticed Aizul
 35416 | Snake:3  | Killed Aizul
 35416 | Snake:3  | Received a gift from Okawaru
 35482 | Snake:3  | Noticed Jorgrun
 35490 | Snake:3  | Killed Jorgrun
 35493 | Snake:3  | Received a gift from Okawaru
 35697 | Snake:3  | Found a white marble altar of Elyvilon.
 35990 | Snake:4  | Entered Level 4 of the Snake Pit
 36076 | Snake:4  | Identified a +4 rod of inaccuracy (14/14) (You found it on level 4 of the Snake Pit)
 36402 | Snake:4  | Noticed Mara
 36420 | Snake:4  | Killed Mara
 36420 | Snake:4  | Received a gift from Okawaru
 36420 | Snake:4  | Reached skill level 15 in Fighting
 36429 | Snake:4  | Noticed Vashnia
 36456 | Snake:4  | Killed Vashnia
 36520 | Snake:4  | Noticed Louise
 36524 | Snake:4  | Killed Louise
 36524 | Snake:4  | Received a gift from Okawaru
 36731 | Snake:4  | Received a gift from Okawaru
 36741 | Snake:4  | Gained mutation: You are completely covered in icy blue scales (AC +4, EV -1, rC+). [demonic ancestry]
 36741 | Snake:4  | Reached XP level 22. HP: 146/175 MP: 24/24
 36745 | Snake:4  | Reached skill level 10 in Throwing
 36956 | Snake:4  | Received a gift from Okawaru
 37052 | Snake:4  | Got a serpentine rune of Zot
 37543 | Vaults:5 | Entered Level 5 of the Vaults
 37553 | Vaults:5 | Received a gift from Okawaru
 37580 | Vaults:5 | Received a gift from Okawaru
 37594 | Vaults:5 | Noticed Wiglaf
 37609 | Vaults:5 | Killed Wiglaf
 37617 | Vaults:5 | Noticed a golden dragon
 37620 | Vaults:5 | Killed a golden dragon
 37620 | Vaults:5 | Received a gift from Okawaru
 37631 | Vaults:5 | Received a gift from Okawaru
 37706 | Vaults:5 | Received a gift from Okawaru
 37898 | Vaults:5 | Got a transparent platinum ring
 37899 | Vaults:5 | Identified the ring "Byanilecs" {rN+ MR+} (You found it on level 5 of the Vaults)
 37922 | Vaults:5 | Noticed a golden dragon
 37931 | Vaults:5 | Killed a golden dragon
 37961 | Vaults:5 | Got a fine plate armour
 37964 | Vaults:5 | Got a steaming storm dragon armour
 37990 | Vaults:5 | Gained mutation: You are immune to freezing clouds. [demonic ancestry]
 37990 | Vaults:5 | Reached XP level 23. HP: 183/184 MP: 25/25
 38150 | Vaults:5 | Received a gift from Okawaru
 38342 | Vaults:5 | Identified the +10 plate armour of Sumudgh {rF- rCorr Str+4 SInv} (You found it on level 5 of the Vaults)
 38352 | Vaults:5 | Identified the +12 storm dragon armour of Vanity {rElec rPois rF+ MR++ Slay+2} (You found it on level 5 of the Vaults)
 38396 | Vaults:5 | Noticed an ancient lich
 38407 | Vaults:5 | Killed an ancient lich
 38524 | Vaults:5 | Found Nozulo's Armour Emporium.
 38841 | Vaults:5 | Got a silver rune of Zot
 39780 | Elf:1    | Entered Level 1 of the Elven Halls
 39887 | Elf:1    | Received a gift from Okawaru
 39893 | Elf:1    | Identified the Collected Works on Creative Arcane Weapons
 40480 | Elf:1    | Received a gift from Okawaru
 40736 | Elf:2    | Gained mutation: Your system is resistant to poisons. [potion of beneficial mutation]
 40821 | Elf:2    | Found Litredo's Food Shoppe.
 40919 | Elf:2    | Found a runed gate.
 40919 | Elf:2    | Found a runed gate.
 40921 | Elf:2    | Found a runed gate.
 41026 | Elf:3    | Entered Level 3 of the Elven Halls
 41083 | Elf:3    | Reached skill level 15 in Throwing
 41272 | Elf:3    | Found Monuiwn's Magic Scroll Emporium.
 41279 | Elf:3    | Bought a scroll of blinking for 112 gold pieces
 41367 | Elf:3    | Found a portal to a secret trove of treasure.
 41497 | Elf:3    | Received a gift from Okawaru
 41510 | Elf:3    | Reached XP level 24. HP: 67/195 MP: 23/25
 41811 | Elf:3    | Received a gift from Okawaru
 42099 | Elf:3    | Received a gift from Okawaru
 42255 | Elf:3    | Received a gift from Okawaru
 42314 | Elf:3    | Got a warped storm dragon armour
 42315 | Elf:3    | Identified the +8 storm dragon armour of the Mantidfly {rElec MP+9} (You found it on level 3 of the Elven Halls)
 42327 | Elf:3    | Got a smoking turquoise ring
 42332 | Elf:3    | Got an ichor-stained broad axe {freeze}
 42333 | Elf:3    | Identified the cursed +3 broad axe of Ru's Scorn {freeze, *Drain rF+ rC++ Str+3} (You took it off a deep elf death mage on level 3 of the Elven Halls)
 42345 | Elf:3    | Identified the ring "Maotwergh" {rF+ Stlth-} (You took it off a deep elf death mage on level 3 of the Elven Halls)
 42350 | Elf:3    | Got a pair of translucent boots
 42361 | Elf:3    | Identified the cursed +0 pair of boots of the Guild-Master {Int+3 Dex+2} (You found it on level 3 of the Elven Halls)
 42382 | Elf:3    | Identified the Guide on the Mutagenic Mountains (You found it on level 3 of the Elven Halls)
 42399 | Elf:3    | Identified the Disquisition on Helpful Calling (You found it on level 3 of the Elven Halls)
 42590 | Elf:3    | You paid a toll of a +8 demon blade to enter a treasure trove
 42591 | Trove    | Entered a treasure trove
 42938 | Depths:1 | Entered Level 1 of the Depths
 42965 | Depths:1 | Found a gateway to Hell.
 43187 | Depths:1 | Found a runed door.
 43438 | Depths:1 | Noticed Norris
 43440 | Depths:1 | Found a one-way gate to the infinite horrors of the Abyss.
 43449 | Depths:1 | Killed Norris
 43549 | Depths:1 | Identified the Catalogue of Earth
 43808 | Depths:2 | Received a gift from Okawaru
 43858 | Depths:2 | Noticed an iron giant
 43864 | Depths:2 | Killed an iron giant
 43880 | Depths:2 | Noticed Asterion
 44356 | Depths:2 | Killed Asterion
 44410 | Depths:2 | Noticed a juggernaut
 44423 | Depths:2 | Killed a juggernaut
 44423 | Depths:2 | Reached XP level 25. HP: 171/205 MP: 25/25
 44606 | Depths:2 | Received a gift from Okawaru
 44867 | Depths:2 | Received a gift from Okawaru
 44870 | Depths:2 | Got a warped executioner's axe {god gift}
 44871 | Depths:2 | Identified the +2 executioner's axe "Hydraslayer" {vamp, Int+2} (Okawaru gifted it to you on level 2 of the Depths)
 45413 | Depths:3 | Found a one-way gate leading to the halls of Pandemonium.
 45652 | Depths:3 | Received a gift from Okawaru
 47055 | Depths:4 | Found a gateway to a ziggurat.
 47066 | Depths:4 | Received a gift from Okawaru
 47221 | Depths:4 | Gained mutation: A frigid envelope surrounds you and freezes all who hurt you. [demonic ancestry]
 47221 | Depths:4 | Reached XP level 26. HP: 134/218 MP: 25/25
 47275 | Depths:4 | Found Zeuvum's Distillery.
 47281 | Depths:4 | Received a gift from Okawaru
 47302 | Depths:4 | Bought a potion of brilliance for 84 gold pieces
 47302 | Depths:4 | Bought a potion of haste for 210 gold pieces
 47302 | Depths:4 | Bought a potion of heal wounds for 105 gold pieces
 47302 | Depths:4 | Bought a potion of heal wounds for 105 gold pieces
 47333 | Depths:4 | Noticed a juggernaut
 47341 | Depths:4 | Killed a juggernaut
 47341 | Depths:4 | Received a gift from Okawaru
 47591 | Depths:4 | Received a gift from Okawaru
 47592 | Depths:4 | Found a runed door.
 47608 | Depths:4 | Received a gift from Okawaru
 47967 | Depths:4 | Received a gift from Okawaru
 48020 | Depths:5 | Entered Level 5 of the Depths
 48621 | Depths:5 | Received a gift from Okawaru
 48723 | Depths:5 | Found a gate to the Realm of Zot.
 48733 | Depths:5 | Identified the Grimoire of Flight
 48872 | Depths:5 | Gained mutation: You regenerate a lot of health from kills. [demonic ancestry]
 48872 | Depths:5 | Reached XP level 27. HP: 231/231 MP: 25/25
 49260 | Zot:1    | Entered Level 1 of the Realm of Zot
 49545 | Zot:1    | Noticed an orb of fire
 50365 | Zot:5    | Entered Level 5 of the Realm of Zot
 50530 | Zot:5    | Received a gift from Okawaru
 50670 | Zot:5    | Received a gift from Okawaru
 50673 | Zot:5    | Got a brightly glowing cloak {god gift}
 50684 | Zot:5    | Identified the +1 cloak of the Harvest {rC+ MR+ Int-2 Slay+3} (Okawaru gifted it to you on level 5 of the Realm of Zot)
 50708 | Zot:5    | Noticed an ancient lich
 50717 | Zot:5    | Noticed an orb of fire
 50721 | Zot:5    | Killed an ancient lich
 50723 | Zot:5    | Gained mutation: You are weak. (Str -2) [an orb of fire]
 50728 | Zot:5    | Gained mutation: You are agile. (Dex +2) [an orb of fire]
 50733 | Zot:5    | Killed an orb of fire
 50745 | Zot:5    | Noticed an orb of fire
 50753 | Zot:5    | Noticed an orb of fire
 50755 | Zot:5    | Gained mutation: You occasionally shout uncontrollably at your foes. [an orb of fire]
 50763 | Zot:5    | Killed an orb of fire
 50766 | Zot:5    | Gained mutation: You are dopey. (Int -2) [an orb of fire]
 50772 | Zot:5    | Killed an orb of fire
 50786 | Zot:5    | Lost mutation: You are dopey. (Int -2) [potion of cure mutation]
 50786 | Zot:5    | Lost mutation: Your system is resistant to poisons. [potion of cure mutation]
 50786 | Zot:5    | Lost mutation: You are weak. (Str -2) [potion of cure mutation]
 50787 | Zot:5    | Lost mutation: You are agile. (Dex +2) [potion of cure mutation]
 50787 | Zot:5    | Lost mutation: You occasionally shout uncontrollably at your foes. [potion of cure mutation]
 50788 | Zot:5    | Noticed an orb of fire
 50788 | Zot:5    | Gained mutation: Your spells are a little easier to cast, but a little less powerful. [an orb of fire]
 50803 | Zot:5    | Gained mutation: You are robust (+10% HP). [an orb of fire]
 50805 | Zot:5    | Killed an orb of fire
 50809 | Zot:5    | Lost mutation: You are robust (+10% HP). [potion of cure mutation]
 50809 | Zot:5    | Lost mutation: Your spells are a little easier to cast, but a little less powerful. [potion of cure mutation]
 50992 | Zot:5    | Noticed an ancient lich
 51004 | Zot:5    | Killed an ancient lich
 51060 | Zot:5    | Received a gift from Okawaru
 51072 | Zot:5    | Noticed an orb of fire
 51091 | Zot:5    | Killed an orb of fire
 51348 | Zot:5    | Got the Orb of Zot
 52090 | D:3      | Noticed Read the pandemonium lord
 52254 | D:$      | Escaped with the Orb!

Vault maps used:
D:1:      minmay_arrival_checkered_box, kennysheep_decorative_pillar
D:2:      led_sif_pool, minmay_distorted, uniq_iyjb, uniq_crazy_yiuf_cottage
D:3:      lemuel_crystal_altar, first_bread, minmay_bad_closet, uniq_robin
D:4:      minitemple, st_stairs_5, minmay_misc_feat_rugged,
          minmay_divided_ellipse
D:5:      wad_pebble_path, serial_shops, kennysheep_mini_moat,
          nicolae_shop_crystal, kennysheep_mini, shop, nicolae_shop_crystal,
          hangedman_glass_teeth, serial_park_tiny_pond, minivault_23
D:6:      minmay_statues_item, minivault_19, serial_bayou_pond_d,
          kennysheep_generic_room_9
D:7:      gammafunk_temple_overflow_claw, minmay_temple_entry_from_below_b,
          nicolae_ossuary_entry_plus
D:8:      minmay_tri_box
D:11:     hangedman_cross_stitches, lair_0_dummy, orc_0_dummy, serial_shops,
          shop
D:12:     grunt_livestock, water_maze_lemuel, uniq_urug
D:13:     hangedman_vaults_entry_quadrant_bands, serial_bayou_pond_b,
          uniq_erolcha, uniq_kirke
D:14:     basic_altar, serial_shops, shop, cheibriados_altar_1,
          kennysheep_nondescript, grunt_dithmenos_smoke, uniq_azrael
D:15:     hangedman_depths_entry_try_elsewhere_first, serial_shops, shop,
          uniq_rupert
Temple:   circular_temple_12
Lair:1:   mu_elephants_graveyard, serial_bayou_ford_a,
          infiniplex_staircase_pool, serial_bayou_shore_b, uniq_nergalle
Lair:2:   serial_bayou_shore_a, grunt_megastairs_3
Lair:3:   serial_bayou_shore_b
Lair:5:   swamp_mist_pool, minmay_snake_entry_guardpost_small, lab_entry_generic
Lair:6:   nicolae_volcano_entry_hallway, beast_lair_carwin_10, lemuel_fruit_tree
Lair:7:   minmay_slime_entry_pillars, minmay_another_anthill, grunt_megastairs_2
Lair:8:   hangedman_lair_tendril_chambers, guppyfry_lair_end_dragon,
          serial_bayou_shore_b
Swamp:1:  portal_ice_cave_entry_ugly_swarm, hangedman_swamp_ruin_wall
Swamp:2:  evilmike_swamp_ruin_house_2
Swamp:3:  evilmike_swamp_ruin_house_4, swamp_pool2
Swamp:4:  swamp_pestilence, uniq_donald
Snake:2:  uniq_nikola
Snake:3:  basic_altar, grunt_ministairs_5, serial_bayou_shore_b, uniq_jorgrun,
          uniq_aizul
Snake:4:  snake_pit, uniq_mara, uniq_vashnia, uniq_louise
Orc:1:    uniq_fannar
Orc:2:    st_orc_elflike
Elf:1:    minmay_elf_sorcery, minivault_25, grunt_megastairs_4
Elf:2:    serial_shops, nicolae_shop_scaring_up_business
Elf:3:    minmay_elf_hall_four_x, enter_trove_0, serial_shops, shop
Vaults:1: nicolae_vaults_halls_meeting, v_misc_30, v_misc_13,
          hangedman_vaults_restitches, vaults_mumra_hex, hangedman_vaults_trim,
          nicolae_vaults_mini_display_case, vaults_room_door_ring
Vaults:2: hangedman_vaults_slither, nicolae_vaults_big_ls,
          nicolae_vaults_gold_heap, v_pattern_4, v_misc_5, v_misc_33,
          hangedman_vaults_stretched_pinwheel, v_misc_8, v_rooms_3,
          vaults_room_pool
Vaults:3: v_misc_16, nicolae_vaults_diagonal_hallway_9, v_misc_33,
          minmay_crypt_entry_vampire_xt, st_hourglassy, v_alt_pattern_6,
          v_misc_9, nicolae_vaults_little_squares_2, hangedman_vaults_stream,
          vaults_dpeg_hooks, hangedman_vaults_stretched_pinwheel, v_misc_28,
          vaults_standard_mumra_x
Vaults:4: v_misc_29, nicolae_vaults_arrows, vaults_mumra_lcd,
          nicolae_vaults_what_the_h, vaults_room_octagon, v_pattern_1,
          nicolae_vaults_angled_halls, nicolae_vaults_little_squares_3,
          v_misc_2, nicolae_vaults_shelves_hall, serial_shops,
          nicolae_shop_crystal
Vaults:5: uniq_wiglaf
Crypt:1:  hangedman_staggered_hall
Crypt:2:  nicolae_crypt_little_mausoleum
Crypt:3:  grunt_crypt_end_deaths_head, uniq_saint_roka
Depths:1: nicolae_abyss_entry_one_way_or_another, hell_entry,
          minmay_misc_feat_x, minivault_10, corexii_hall_statues_x,
          minmay_hidden_floor, uniq_norris
Depths:2: hangedman_pleasuredromes, serial_shops, hell_entry, abyss_entry,
          uniq_asterion
Depths:3: grunt_deathspiral_large, hell_entry, roderic_lattice_a,
          grunt_pan_entry_zigzag, hangedman_abyss_entry_splay
Depths:4: mludivico_vault, enter_ziggurat_c, abyss_entry,
          hangedman_coc_ice_floe, minmay_misc_feat_columns, serial_shops, shop,
          hangedman_decor_push
Depths:5: lemuel_castle_with_subvaults, grunt_mini_vestibule,
          minmay_misc_feat_pillars
Zot:1:    nicolae_zot_stationary_front
Zot:2:    kennysheep_six_static_rooms
Zot:3:    grunt_zot_stairs_overgrown
Lab:      labyrinth_hidden_loot, labyrinth_fake_exit, nicolae_lab_do_over,
          nicolae_lab_statue, nicolae_lab_lava, nicolae_lab_swirl,
          nicolae_lab_t_cross, nicolae_lab_flowing_pool,
          labyrinth_skeletal_remains
Trove:    trove_simple
Ossuary:  ossuary_tomb_1
IceCv:    ice_cave_tombish
Volcano:  volcano_lake

Skill      XL: |  1  2  3  4  5  6  7  8  9 10 11 12 13 14 15 16 17 18 19 20 21 22 23 24 25 26 27 |
---------------+----------------------------------------------------------------------------------+-----
Spellcasting   | 1 |  1.5
Fighting       | 2 3 4 5 7 9 10 11 12 13 15 16 17 18 20 21 24 | 24.5
Axes           | 4 5 7 10 12 14 15 16 17 18 20 22 23 24 25 26 | 26.0
Armour         | 2 5 7 8 10 11 12 13 14 15 16 17 18 19 21 23 | 23.5
Invocations    | 2 3 |  3.2
Throwing       | 4 5 9 13 15 17 18 | 18.0
Maces & Flails | |  1.7
Stealth        | |  1.0
Evocations     | |  1.0

Action                   |  1- 3 |  4- 6 |  7- 9 | 10-12 | 13-15 | 16-18 | 19-21 | 22-24 | 25-27 || total
-------------------------+-------+-------+-------+-------+-------+-------+-------+-------+-------++-------
Melee: Hand axe          |   118 |   177 |   410 |       |       |       |       |       |       ||   705
       Broad axe         |       |       |     7 |   598 |   222 |       |       |       |       ||   827
       Battleaxe         |       |       |       |       |   427 |       |       |       |       ||   427
       Executioner's axe |       |       |       |       |   380 |  1084 |  1298 |  1123 |  1337 ||  5222
Throw: Javelin           |       |       |       |       |       |       |       |    10 |       ||    10
Invok: Heroism           |       |       |       |     4 |    10 |    10 |    26 |     9 |     3 ||    62
       Finesse           |       |       |       |       |     1 |     1 |     4 |     6 |     2 ||    14
Evoke: Wand              |       |       |    14 |     4 |       |     1 |       |     2 |     1 ||    22
       Deck              |       |       |       |       |       |     7 |     7 |       |       ||    14
  Use: Scroll            |       |     5 |    16 |     6 |    11 |    15 |    15 |    19 |     4 ||    91
       Potion            |       |     3 |    12 |     5 |     4 |     3 |       |    14 |     6 ||    47
 Stab: Invisible         |       |     1 |       |       |       |       |       |       |       ||     1
       Distracted        |       |     1 |       |       |       |     1 |     1 |     1 |       ||     4
       Sleeping          |       |       |       |       |       |       |     1 |       |       ||     1
  Eat: Chunk             |       |     4 |    10 |    16 |    19 |    13 |     4 |       |     2 ||    68
       Bread ration      |       |       |     2 |       |     3 |     3 |     6 |     5 |     6 ||    25
       Royal jelly       |       |       |       |       |       |       |       |     1 |       ||     1
       Beef jerky        |       |       |       |       |       |       |       |     1 |       ||     1
